 Dungeon Crawl Stone Soup version 0.30-a0-830-gfe289a77b0 (webtiles) character file.

Game seed: 11183872698775124761

135 retardedninja the Shield-Bearer (level 5, -1/47 HPs)
             Began as a Gnoll Fighter on Feb 28, 2023.
             Was an Initiate of Gozag.
             Slain by a gnoll
             ... wielding a +0 flail
              (7 damage)
             ... on level 4 of the Dungeon.
             The game lasted 00:02:53 (2571 turns).

retardedninja the Shield-Bearer (Gnoll Fighter)     Turns: 2571, Time: 00:02:53

Health: -1/47      AC: 11    Str: 18    XL:     5   Next: 18%
Magic:  7/7        EV:  9    Int:  7    God:    Gozag
Gold:   158        SH:  5    Dex: 11    Spells: 6/6 levels left

rFire   . . .      SeeInvis .    a - +0 flail
rCold   . . .      Faith    .    c - +0 buckler
rNeg    . . .      Spirit   .    b - +0 scale mail
rPois   .          Reflect  .    (no helmet)
rElec   .          Harm     .    s - +0 cloak
rCorr   .          Rampage  .    q - +0 pair of gloves
Will    .....                    f - +0 pair of boots Stlth
                                 (no amulet)
HPRegen 0.27/turn                (no ring)
MPRegen 0.10/turn                (no ring)

@: lethally poisoned (-1 -> -5)
A: fangs 1, strong nose, distributed training
a: Renounce Religion, Potion Petition, Call Merchant, Bribe Branch


You were on level 4 of the Dungeon.
You worshipped Gozag.
Gozag was aware of your devotion.
You visited 1 branch of the dungeon, and saw 4 of its levels.

You collected 205 gold pieces.
You paid 47 gold pieces to Gozag.

Inventory:

Hand Weapons
 a - a +0 flail (weapon)
Missiles
 i - 3 javelins (quivered)
Armour
 b - a +0 scale mail (worn)
 c - a +0 buckler (worn)
 f - a +0 pair of boots (worn)
 q - a +0 pair of gloves (worn)
 s - a +0 cloak (worn)
Jewellery
 p - a ring of resist corrosion
Wands
 r - a wand of roots (15)
Scrolls
 g - a scroll of torment {unknown}
 h - a scroll of fear {unknown}
 j - a scroll of butterflies {unknown}
 k - 3 scrolls of teleportation {unknown}
 l - 3 scrolls of identify {unknown}
 o - a scroll of amnesia {unknown}
 t - a scroll of vulnerability {unknown}
Potions
 d - a potion of might
 e - 2 potions of magic {unknown}
 m - 4 potions of flight {unknown}
 n - 3 potions of heal wounds {unknown}


   Skills:
 + Level 6.7 Fighting
 + Level 1.4 Short Blades
 + Level 1.4 Long Blades
 + Level 1.4 Axes
 + Level 4.8 Maces & Flails
 + Level 1.4 Polearms
 + Level 1.4 Staves
 + Level 1.4 Ranged Weapons
 + Level 1.4 Throwing
 + Level 6.7 Armour
 + Level 1.4 Dodging
 + Level 1.4 Stealth
 + Level 6.7 Shields
 + Level 1.4 Unarmed Combat
 + Level 1.4 Spellcasting
 + Level 1.1 Conjurations
 + Level 1.1 Hexes
 + Level 1.1 Summonings
 + Level 1.1 Necromancy
 + Level 1.1 Translocations
 + Level 1.1 Transmutations
 + Level 1.1 Fire Magic
 + Level 1.1 Ice Magic
 + Level 1.1 Air Magic
 + Level 1.1 Earth Magic
 + Level 1.1 Poison Magic
 + Level 1.6 Invocations
 + Level 1.4 Evocations


You had 6 spell levels left.
You didn't know any spells.
Your spell library contained the following spells:

 Spells                   Type           Power      Damage    Failure   Level
 Call Canine Familiar     Summ           2%         N/A       95%         3
 Portal Projectile        Hex/Tloc       4%         N/A       95%         3
 Leda's Liquefaction      Hex/Erth       1%         N/A       100%        4


Dungeon Overview and Level Annotations

Branches:
Dungeon (4/15)
 Temple: D:4-7

Altars:
Gozag

Shops:
D:2 (*(:*   D:3 *

Annotations:
D:4 Dowan, Duvessa


Innate Abilities, Weirdness & Mutations

You have very sharp teeth.
Your uncanny sense of smell can sniff out nearby items.
Your experience applies equally to all skills.


Message History

Dowan shouts!
Dowan casts a spell at something.
Dowan is nearby!
Duvessa, Sister of Dowan comes into view.
She is wielding a +0 rapier of protection.
Dowan gestures wildly while chanting.
Dowan blinks!
Duvessa shouts!
An iguana comes into view.
A gnoll comes into view. It is wielding a +0 spear.
The gnoll shouts!
A gnoll comes into view. It is wielding a +0 flail.
The gnoll moves out of view.
Duvessa drinks a potion.
Duvessa seems to grow stronger.
A gnoll comes into view. It is wielding a +0 flail.
The gnoll shouts!
An adder comes into view.
You block Duvessa's attack.
Duvessa says, "When magic and the sword combine, nothing stands against them."
Duvessa hits you with a +0 rapier of protection.
Duvessa attacks as you move away!
Duvessa hits you with a +0 rapier of protection!
The gnoll hits you from afar with a +0 spear.
Duvessa hits you with a +0 rapier of protection.
The gnoll closely misses you. The adder bites you but does no damage.
The gnoll hits you with a +0 flail.
Duvessa says, "When magic and the sword combine, nothing stands against them."
Duvessa hits you but does no damage.
Aiming: Fastroot
Press: ? - help, Q - select action, (/) - cycle Shift-Dir - straight line The roots erupt in riotous growth!
Roots grab the adder.
The grasping roots constrict the adder.
The adder bites you.
You are poisoned.
The adder poisons you!
Duvessa says, "Where magic fails, the sword succeeds!"
Duvessa hits you with a +0 rapier of protection!
* * * LOW HITPOINT WARNING * * *
You block the gnoll's attack. The gnoll hits you with a +0 flail!
You die...
Your body crumbles into a pile of gold.

............#..#
#...........##
#............####
###..##..###......#
........(.##...##...!..
..........##...........
$......g....#...##......
.....gge.#.#...# .....
...###S@.#.##### l...
... #..........# . . .#
#......<...#
#..........#
#..........#
############


You could see Duvessa (fast, strong), 3 gnolls and an adder (rooted).

Vanquished Creatures
  Jessica (D:2)
  5 adders
  A worm (D:2)
  A dart slug (D:1)
  3 orcs (D:3)
  4 bats
  4 endoplasms
  A giant cockroach (D:1)
  5 goblins
  7 hobgoblins
  2 quokkas (D:2)
  6 ball pythons
  2 frilled lizards (D:2)
  10 kobolds
  4 rats
56 creatures vanquished.

Notes
Turn   | Place    | Note
-------+----------+-------------------------------------------
     0 | D:1      | retardedninja the Gnoll Fighter began the quest for the
                  | Orb.
     0 | D:1      | Reached XP level 1. HP: 23/23 MP: 1/1
   175 | D:1      | Reached XP level 2. HP: 29/29 MP: 2/2
   744 | D:2      | Found Jueriorch's Antique Weapon Shoppe.
   747 | D:2      | Reached XP level 3. HP: 35/35 MP: 3/3
   870 | D:2      | Reached skill level 1 in Invocations
   924 | D:2      | Found Abuc's General Store.
   935 | D:2      | Found Zameext's Antique Weapon Shoppe.
   946 | D:2      | Reached skill level 1 in Short Blades
   946 | D:2      | Reached skill level 1 in Long Blades
   946 | D:2      | Reached skill level 1 in Axes
   946 | D:2      | Reached skill level 1 in Polearms
   946 | D:2      | Reached skill level 1 in Staves
   946 | D:2      | Reached skill level 1 in Ranged Weapons
   946 | D:2      | Reached skill level 1 in Throwing
   946 | D:2      | Reached skill level 1 in Dodging
   946 | D:2      | Reached skill level 1 in Stealth
   946 | D:2      | Reached skill level 1 in Unarmed Combat
   946 | D:2      | Reached skill level 1 in Spellcasting
   946 | D:2      | Reached skill level 1 in Evocations
   956 | D:2      | Reached XP level 4. HP: 19/41 MP: 5/5
  1367 | D:2      | Found Zuinaon's Assorted Antiques.
  1429 | D:2      | Noticed Jessica
  1433 | D:2      | Killed Jessica
  1434 | D:2      | Reached skill level 1 in Conjurations
  1434 | D:2      | Reached skill level 1 in Hexes
  1434 | D:2      | Reached skill level 1 in Summonings
  1434 | D:2      | Reached skill level 1 in Necromancy
  1434 | D:2      | Reached skill level 1 in Translocations
  1434 | D:2      | Reached skill level 1 in Transmutations
  1434 | D:2      | Reached skill level 1 in Fire Magic
  1434 | D:2      | Reached skill level 1 in Ice Magic
  1434 | D:2      | Reached skill level 1 in Air Magic
  1434 | D:2      | Reached skill level 1 in Earth Magic
  1434 | D:2      | Reached skill level 1 in Poison Magic
  1501 | D:2      | Found Zetonl Wieta's Book Emporium.
  1931 | D:3      | Reached XP level 5. HP: 47/47 MP: 7/7
  1936 | D:3      | Found Gozag's Platinum Reserve.
  1941 | D:3      | Found an opulent altar of Gozag.
  1979 | D:3      | Became a worshipper of Gozag Ym Sagoz the Greedy
  2554 | D:4      | Noticed Dowan
  2555 | D:4      | Noticed Duvessa
  2571 | D:4      | Slain by a gnoll

Illustrated notes

Levels and vault maps discovered:
D:1:      roderic_chinese_lattice_arrival, layout_rooms
D:2:      layout_basic, serial_shops, shop, shop,
          nicolae_shop_overgrown_old_shop, nicolae_shop_crystal, shop,
          uniq_jessica
D:3:      layout_basic, nicolae_gozag_zags_fifth_avenue, serial_park_tiny_1
D:4:      layout_rooms, nicolae_overflow_quartered_altars, uniq_duvessa,
          uniq_ijyb, uniq_crazy_yiuf_cottage

Skill      XL: |  1  2  3  4 |
---------------+-------------+-----
Invocations    | 1 |  1.6
Short Blades   | 1 |  1.4
Long Blades    | 1 |  1.4
Axes           | 1 |  1.4
Polearms       | 1 |  1.4
Staves         | 1 |  1.4
Ranged Weapons | 1 |  1.4
Throwing       | 1 |  1.4
Dodging        | 1 |  1.4
Stealth        | 1 |  1.4
Unarmed Combat | 1 |  1.4
Spellcasting   | 1 |  1.4
Evocations     | 1 |  1.4
Conjurations   | 1 |  1.1
Hexes          | 1 |  1.1
Summonings     | 1 |  1.1
Necromancy     | 1 |  1.1
Translocations | 1 |  1.1
Transmutations | 1 |  1.1
Fire Magic     | 1 |  1.1
Ice Magic      | 1 |  1.1
Air Magic      | 1 |  1.1
Earth Magic    | 1 |  1.1
Poison Magic   | 1 |  1.1
Fighting       | |  6.7
Maces & Flails | |  4.8
Armour         | |  6.7
Shields        | |  6.7

Action                     |  1- 3 |  4- 6 || total
---------------------------+-------+-------++-------
  Melee: Flail             |    83 |    71 ||   154
         Bite              |     5 |     8 ||    13
  Throw: Javelin           |    20 |     6 ||    26
  Evoke: Wand              |       |     1 ||     1
   Stab: Distracted        |       |     1 ||     1
 Armour: Scale mail        |    50 |    40 ||    90
  Dodge: Dodged            |    43 |    27 ||    70
  Block: Buckler           |    28 |    28 ||    56

Table legend: (Time is in decaauts)
 A = Elapsed time spent in this place.
 B = Non-inter-level travel time spent in this place.
 C = Inter-level travel time spent in this place.
 D = Time resting spent in this place.
 E = Time spent auto-exploring this place.
 F = Levels seen in this place.
 G = Mean time per level.
                   A        B        C        D        E       F      G
               +--------+--------+--------+--------+--------+-----+--------+
         Total |   2614 |   2529 |     85 |    352 |   1720 |   4 |  653.5 |
       Dungeon |   2614 |   2529 |     85 |    352 |   1720 |   4 |  653.5 |
               +--------+--------+--------+--------+--------+-----+--------+

Top non-repeatable levels by time:
     D:2: 1013 daAuts
     D:3: 867 daAuts
     D:1: 698 daAuts
     D:4: 34 daAuts
